 Dungeon Sprint DCSS version 0.28-a0-919-g0b5b508569 (webtiles) character file.

Game seed: 15090882758821401294

1740 SmokeWeed the Carver (level 8, -8/89 HPs)
             Began as a Minotaur Berserker on Nov 25, 2021.
             Was an Elder of Trog.
             Mangled by an efreet (13 damage)
             ... in the Dungeon (Sprint IX: "|||||||||||||||||||||||||||||").
             The game lasted 00:02:53 (553 turns).

SmokeWeed the Carver (Minotaur Berserker)            Turns: 553, Time: 00:02:53

Health: -8/89      AC: 16    Str: 24    XL:     8   Next: 77%
Magic:  7/7        EV:  9    Int:  6    God:    Trog [****..]
Gold:   0          SH:  0    Dex: 11    Spells: 7/7 levels left

rFire   . . .      SeeInvis .   n - +2 rapier (drain)
rCold   . . .      Faith    .   (no shield)
rNeg    . . .      Spirit   .   m - +0 plate armour
rPois   .          Reflect  .   (helmet restricted)
rElec   .          Harm     .   (no cloak)
rCorr   .          Rampage  .   (no gloves)
Will    ++...      NoTele   +   (no boots)
Stlth   ..........              (no amulet)
HPRegen 1.24/turn               k - +2 ring of protection
MPRegen 0.10/turn               l - +3 ring of strength

@: strong-willed, on berserk cooldown, regenerating, slowed, invisible, very
slow
A: horns 2, retaliatory headbutt
a: Renounce Religion, Berserk, Trog's Hand, Brothers in Arms


You were in the Dungeon.
You worshipped Trog.
Trog was greatly pleased with you.
You visited 1 branch

Inventory:

Hand Weapons
 a - a +0 falchion
 n - a +2 rapier of draining (weapon)
Armour
 b - a +0 animal skin
 m - a +0 plate armour (worn)
Jewellery
 k - a +2 ring of protection (left hand)
 l - a +3 ring of strength (right hand)
Wands
 j - a wand of iceblast (10)
Scrolls
 h - a scroll of blinking
Potions
 c - 5 potions of curing
 d - a potion of heal wounds
 e - a potion of haste
 f - 4 potions of magic
 g - a potion of berserk rage


   Skills:
 + Level 14.1 Fighting
 + Level 14.6 Long Blades
 + Level 10.3 Armour
 + Level 7.5 Dodging


You had 7 spell levels left.
You didn't know any spells.
Your spell library was empty.

Dungeon Overview and Level Annotations

Branches:
Dungeon (1/1)

Altars:
Cheibriados
Dithmenos
Elyvilon
Fedhas
Gozag
Hepliaklqana
Kikubaaqudgha
Makhleb
Nemelex Xobeh
Okawaru
Qazlal
Ru
Sif Muna
Trog
Uskayaw
Vehumet
Wu Jian
Xom
Yredelemnul
Zin
The Shining One
Beogh
Jiyva
Lugonu


Innate Abilities, Weirdness & Mutations

You have a pair of horns on your head.
You reflexively headbutt those who attack you in melee.


Message History

* * * LOW HITPOINT WARNING * * *
The efreet burns you.
* * * LOW HITPOINT WARNING * * *
Things that are here:
a +0 shortbow; 24 arrows You puncture the efreet!
You headbutt the efreet, but do no damage.
The efreet is moderately wounded.
The efreet gestures at you. The bolt of fire hits you!
* * * LOW HITPOINT WARNING * * *
You feel much better. The efreet hits you but does no damage.
The deep elf pyromancer casts a spell.
The efreet gestures at you.
The fireball explodes!
The fireball engulfs you!
* * * LOW HITPOINT WARNING * * *
The fireball engulfs the efreet.
The efreet completely resists.
You feel much better.
The efreet hits you with a +0 scimitar of flaming!
The efreet burns you.
* * * LOW HITPOINT WARNING * * *
You fade into invisibility!
The efreet closely misses you.
The deep elf pyromancer mumbles some strange words.
The efreet gestures at you. The bolt of fire hits you!
* * * LOW HITPOINT WARNING * * *
You barely miss the efreet.
The efreet is moderately wounded.
The efreet gestures at you. The bolt of fire misses you.
You strike the helpless efreet from behind!
You puncture the efreet! You headbutt the efreet.
The efreet is severely wounded.
The efreet gestures at you. The bolt of fire hits you!
* * * LOW HITPOINT WARNING * * *
You hit the efreet but do no damage.
The efreet is severely wounded.
The efreet hits you with a +0 scimitar of flaming!
You die...

▓.▓
▓[▓
▓[▓
▓.▓
▓.▓
▓.▓
▓)▓
▓†▓
▓@▓
▓R▓
▓T▓
▓E▓
▓E▓
▓e▓
▓E▓
▓○▓
▓☼▓


You could see a deep elf pyromancer, a troll, an efreet and 3 fire elementals.

Vanquished Creatures
  A boulder beetle (D)
  A centaur warrior (D)
  A wyvern (D)
  A vampire mosquito (D)
  An acid dragon (D)
  An orc warrior (D)
  A black bear (D)
  An ogre (D)
  2 hounds (D)
  An orc priest (D)
  A bat skeleton (D)
  2 endoplasms (D)
  A kobold (D)
  2 frilled lizards (D)
  A quokka zombie (D)
18 creatures vanquished.

Vanquished Creatures (others)
  A slime creature (D)
1 creature vanquished.

Grand Total: 19 creatures vanquished

Notes
Turn   | Place    | Note
-------+----------+-------------------------------------------
     0 | D        | SmokeWeed the Minotaur Berserker began the quest for the
                  | Orb.
     0 | D        | Reached XP level 1. HP: 19/19 MP: 0/0
    12 | D        | Reached ** piety under Trog
    76 | D        | Noticed an ogre
    76 | D        | Noticed a hound
    76 | D        | Noticed a hound
    76 | D        | Noticed a black bear
    78 | D        | Killed an ogre
    79 | D        | Reached XP level 2. HP: 34/34 MP: 1/1
    79 | D        | Reached XP level 3. HP: 39/39 MP: 2/2
    79 | D        | Reached XP level 4. HP: 47/47 MP: 3/3
    80 | D        | Reached *** piety under Trog
    84 | D        | Reached XP level 5. HP: 55/55 MP: 4/4
    87 | D        | Killed a black bear
    88 | D        | Reached skill level 10 in Long Blades
    88 | D        | Reached skill level 5 in Armour
    95 | D        | Found a snail-covered altar of Cheibriados.
    95 | D        | Found a shadowy altar of Dithmenos.
    95 | D        | Found a white marble altar of Elyvilon.
    95 | D        | Found a blossoming altar of Fedhas.
    95 | D        | Found an opulent altar of Gozag.
    96 | D        | Found a hazy altar of Hepliaklqana.
    97 | D        | Found a viscous altar of Jiyva.
    98 | D        | Found an ancient bone altar of Kikubaaqudgha.
    99 | D        | Found a corrupted altar of Lugonu.
   100 | D        | Found a burning altar of Makhleb.
   101 | D        | Found a sparkling altar of Nemelex Xobeh.
   102 | D        | Found an iron altar of Okawaru.
   103 | D        | Found a stormy altar of Qazlal.
   104 | D        | Found a sacrificial altar of Ru.
   105 | D        | Found a shimmering blue altar of Sif Muna.
   106 | D        | Found a bloodstained altar of Trog.
   107 | D        | Found a hide-covered altar of Uskayaw.
   108 | D        | Found a radiant altar of Vehumet.
   109 | D        | Found an ornate altar of the Wu Jian Council.
   110 | D        | Found a shimmering altar of Xom.
   111 | D        | Found a basalt altar of Yredelemnul.
   112 | D        | Found a glowing silver altar of Zin.
   113 | D        | Found a glowing golden altar of the Shining One.
   268 | D        | Noticed an orc warrior
   268 | D        | Noticed a wyvern
   268 | D        | Noticed an acid dragon
   268 | D        | Noticed a vampire mosquito
   274 | D        | Killed an orc warrior
   275 | D        | Reached skill level 10 in Fighting
   275 | D        | Reached skill level 5 in Dodging
   275 | D        | Reached XP level 6. HP: 66/66 MP: 5/5
   279 | D        | Killed a wyvern
   279 | D        | Reached **** piety under Trog
   285 | D        | Killed an acid dragon
   286 | D        | Reached XP level 7. HP: 46/74 MP: 6/6
   292 | D        | Killed a vampire mosquito
   520 | D        | Noticed a centaur warrior
   520 | D        | Noticed a deep elf pyromancer
   520 | D        | Noticed an efreet
   520 | D        | Noticed a slime creature
   520 | D        | Noticed a boulder beetle
   520 | D        | Noticed a troll
   536 | D        | Killed a slime creature
   538 | D        | Killed a boulder beetle
   539 | D        | Reached XP level 8. HP: 48/86 MP: 7/7
   545 | D        | Killed a centaur warrior
   546 | D        | Reached skill level 10 in Armour
   552 | D        | HP: 3/89 [efreet/bolt of fire (17)]
   553 | D        | Mangled by an efreet

Illustrated notes

Levels and vault maps discovered:
D:        linesprint [early_d, line_temple, items_1, d_10, items_2, lair_1,
          lair_end, items_3, orc_1, orc_end, items_4, d_15, swamp_1, shoals_1,
          snake_1, spider_1, d_20, vaults_1, items_5, swamp_end, shoals_end,
          snake_end, spider_end, vaults_end, d_27, items_6, zot_1, zot_end,
          crypt_end, forest_end, elf_end, slime_end, tomb_end, abyss_end,
          pan_hell_end]

Skill      XL: |  1  2  3  4  5  6  7  8 |
---------------+-------------------------+-----
Fighting       | 7 8 10 11 13 14 | 14.1
Long Blades    | 7 8 11 12 13 14 | 14.6
Armour         | 4 5 6 8 10 | 10.3
Dodging        | 3 4 5 6 7 |  7.5

Action                   |  1- 3 |  4- 6 |  7- 9 || total
-------------------------+-------+-------+-------++-------
Melee: Falchion          |    12 |     9 |       ||    21
       Headbutt          |     1 |     2 |     7 ||    10
       Rapier            |       |    15 |    30 ||    45
Invok: Berserk           |     1 |     1 |     1 ||     3
       Trog's Hand       |       |     1 |     1 ||     2
       Brothers in Arms  |       |       |     1 ||     1
  Use: Scroll            |       |       |     1 ||     1
       Potion            |       |       |     3 ||     3
 Stab: Invisible         |       |       |     1 ||     1
Armor: Animal skin       |     1 |     2 |       ||     3
       Plate armour      |       |     6 |    19 ||    25
Dodge: Dodged            |     3 |     6 |    15 ||    24

Table legend: (Time is in decaauts)
 A = Elapsed time spent in this place.
 B = Non-inter-level travel time spent in this place.
 C = Inter-level travel time spent in this place.
 D = Time resting spent in this place.
 E = Time spent auto-exploring this place.
 F = Levels seen in this place.
 G = Mean time per level.
                   A        B        C        D        E       F      G
               +--------+--------+--------+--------+--------+-----+--------+
         Total |    559 |    559 |      0 |    365 |      0 |   1 |  559.0 |
       Dungeon |    559 |    559 |      0 |    365 |      0 |   1 |  559.0 |
               +--------+--------+--------+--------+--------+-----+--------+

Top non-repeatable levels by time:
       D: 559 daAuts
